 Dungeon Crawl Stone Soup version 0.28.0-43-g3370ac3207 (webtiles) character file.

Game seed: 3894316231391273248

62 klutch the Skirmisher (level 3, -3/33 (34) HPs)
             Began as a Minotaur Fighter on Mar 11, 2022.
             Slain by Crazy Yiuf
             ... wielding a +2 quarterstaff of chaos
              (10 damage)
             ... on level 2 of the Dungeon.
             The game lasted 00:11:09 (1840 turns).

klutch the Skirmisher (Minotaur Fighter)            Turns: 1840, Time: 00:11:12

HP:   -3/33 (34)    AC:  8    Str: 26    XL:     3   Next: 85%
MP:   2/2           EV:  9    Int:  5    God:
Gold: 117           SH:  4    Dex: 11    Spells: 2/2 levels left

rFire   . . .      SeeInvis .   a - +0 flail
rCold   . . .      Faith    .   c - +0 buckler
rNeg    . . .      Spirit   .   b - +0 scale mail
rPois   .          Reflect  .   (helmet restricted)
rElec   .          Harm     .   m - +0 cloak
rCorr   .          Rampage  .   (no gloves)
Will    .....                   (no boots)
Stlth   ..........              (no amulet)
HPRegen 0.11/turn               f - +6 ring of strength
MPRegen 0.08/turn               (no ring)

@: lightly drained
A: horns 2, retaliatory headbutt
a: no special abilities


You were on level 2 of the Dungeon.
You visited 1 branch of the dungeon, and saw 2 of its levels.

You collected 117 gold pieces.

Inventory:

Hand Weapons
 a - a +0 flail (weapon)
 q - a +2 spear of flaming
Missiles
 g - 2 javelins (quivered)
 n - 6 poisoned darts
 p - 5 boomerangs
Armour
 b - a +0 scale mail (worn)
 c - a +0 buckler (worn)
 m - a +0 cloak (worn)
Jewellery
 f - a +6 ring of strength (left hand)
 i - an amulet of regeneration
Potions
 d - a potion of might
 e - a potion of attraction
 h - 2 potions of mutation {unknown}
 j - a potion of cancellation {unknown}
 k - a potion of resistance {unknown}
 l - a potion of curing {unknown}
 o - a potion of lignification {unknown}


   Skills:
 * Level 4.3 Fighting
 * Level 3.3 Maces & Flails
 + Level 1.0 Throwing
 + Level 4.0 Armour
 + Level 4.1 Shields


You had 2 spell levels left.
You didn't know any spells.
Your spell library was empty.

Dungeon Overview and Level Annotations

Branches:
Dungeon (2/15)

Altars:
Uskayaw

Annotations:
D:2 Crazy Yiuf


Innate Abilities, Weirdness & Mutations

You have a pair of horns on your head.
You reflexively headbutt those who attack you in melee.


Message History

You see here a frilled lizard corpse.
Found a glowing spear.
You see here a +2 spear of flaming.
You see here a +2 spear of flaming.
q - a +2 spear of flaming You now have 117 gold pieces (gained 12).
Found four maces.
Found a runed translucent door.
Crazy Yiuf shouts!
Found two maces.
You see here a +0 mace.
You open the door.
Crazy Yiuf whimpers, "Ice canine cower!"
You barely miss Crazy Yiuf. Your headbutt misses Crazy Yiuf.
Crazy Yiuf hits you with a +2 quarterstaff of chaos.
You feel drained.
You hit Crazy Yiuf. Your headbutt misses Crazy Yiuf.
Crazy Yiuf is lightly wounded.
Crazy Yiuf hits you with a +2 quarterstaff of chaos.
You blink.
Crazy Yiuf barely misses you.
You see here a +0 mace.
You closely miss Crazy Yiuf.
Crazy Yiuf is lightly wounded.
Crazy Yiuf laughs, "Spliff cower childish!"
Crazy Yiuf hits you with a +2 quarterstaff of chaos.
Crazy Yiuf barely misses you.
You closely miss Crazy Yiuf.
Crazy Yiuf is lightly wounded.
Crazy Yiuf hits you with a +2 quarterstaff of chaos.
You resist with some effort.
You hit Crazy Yiuf.
Crazy Yiuf is lightly wounded.
Crazy Yiuf hits you with a +2 quarterstaff of chaos.
You sock Crazy Yiuf!
Crazy Yiuf is heavily wounded.
Crazy Yiuf hits you with a +2 quarterstaff of chaos!
Crazy Yiuf burns you.
* * * LOW HITPOINT WARNING * * *
Crazy Yiuf hits you with a +2 quarterstaff of chaos!
You die...

#....####### #P...#
..>..# ### ##P..#
########.# ##.##
.........# ##.#
########.# #.##
......##.# ##.#
#####.##.# #)##
......##.# ##g##
########.# #)@.#
##.#####.### #..)#
##.........# #).)#
##.#####.### #####
##.# #.#
##.#####.###########
.........#.†.......#
##.)..#..#.####..###
..)...#..#....#..#


You could see Crazy Yiuf.

Vanquished Creatures
  An adder (D:2)
  A worm (D:2)
  2 dart slugs (D:2)
  3 endoplasms
  A giant cockroach (D:2)
  7 goblins
  A hobgoblin (D:1)
  3 jackals (D:1)
  A quokka (D:2)
  4 ball pythons
  9 bats
  3 frilled lizards
  4 kobolds
  4 rats
44 creatures vanquished.

Notes
Turn   | Place    | Note
-------+----------+-------------------------------------------
     0 | D:1      | klutch the Minotaur Fighter began the quest for the Orb.
     0 | D:1      | Reached XP level 1. HP: 19/19 MP: 0/0
   280 | D:1      | Found a faded altar of an unknown god.
   466 | D:1      | Reached XP level 2. HP: 27/27 MP: 1/1
   972 | D:2      | Reached XP level 3. HP: 33/33 MP: 2/2
  1217 | D:2      | Reached skill level 1 in Throwing
  1357 | D:2      | Found a hide-covered altar of Uskayaw.
  1829 | D:2      | Found a runed translucent door.
  1830 | D:2      | Noticed Crazy Yiuf
  1840 | D:2      | Slain by Crazy Yiuf

Illustrated notes

Levels and vault maps discovered:
D:1:      dpeg_arrival_renting, layout_loops_corners,
          shapermc_ecumenical_altar_mp_ritualfount
D:2:      layout_basic, basic_altar, minmay_tromino_mix6,
          uniq_crazy_yiuf_cottage

Skill      XL: |  1  2  3 |
---------------+----------+-----
Fighting       | 4 |  4.3
Maces & Flails | 3 |  3.3
Shields        | 4 |  4.1
Throwing       | 1 |  1.0
Armour         | 4 |  4.0

Action                   || total
-------------------------++-------
Melee: Flail             ||    86
       Headbutt          ||     8
Throw: Javelin           ||    23
  Use: Scroll            ||     1
       Potion            ||     1
Armor: Scale mail        ||    39
Dodge: Dodged            ||    49
Block: Buckler           ||    25
